| TOP OF THE 1ST |
|
Fort Wayne TinCaps batting - Pitching for Hartford Yard Goats : LHP Ryouhei Hosaka
|
|
Pitching: LHP Ryouhei Hosaka
|
|
|
Batting: SHB Adam Martin
|
0-0: Ground out 6-3 (Groundball, 6S, EV 78.1 MPH)
|
|
Batting: RHB Juan Martinez
|
0-0: Ball 1-0: Called Strike 1-1: Swinging Strike 1-2: Strikes out swinging
|
|
Batting: RHB Rodolfo Rivera
|
0-0: Ball 1-0: SINGLE (Groundball, 5S, EV 67.5 MPH) (infield hit)
|
|
Batting: RHB Mike Maserang
|
0-0: Called Strike 0-1: Ball 1-1: Ball 2-1: Ball 3-1: Foul Ball, location: 2F 3-2: Base on Balls Rodolfo Rivera to second
|
|
Batting: RHB Rich Justice
|
0-0: Called Strike 0-1: Ball 1-1: Foul Ball, location: 2F 1-2: Foul Ball, location: 2F 1-2: Ground out 4-3 (Groundball, 4, EV 81.2 MPH)
|
| Top of the 1st over - 0 runs, 1 hit, 0 errors, 2 left on base; Fort Wayne 0 - Hartford 0 |
| BOTTOM OF THE 1ST |
|
Hartford Yard Goats batting - Pitching for Fort Wayne TinCaps : LHP Luis Sanchez
|
|
Pitching: LHP Luis Sanchez
|
|
|
Batting: SHB Eddie Quinones
|
0-0: Called Strike 0-1: Fly out, F9 (Line Drive, 9D, EV 93.1 MPH)
|
|
Batting: RHB Kian-tat Chen
|
0-0: Swinging Strike 0-1: Swinging Strike 0-2: Foul Ball, location: 2F 0-2: Ball 1-2: Strikes out swinging
|
|
Batting: SHB Jon Munoz
|
0-0: Swinging Strike 0-1: Ball 1-1: Swinging Strike 1-2: Foul Ball, location: 2F 1-2: Strikes out swinging
|
| Bottom of the 1st over - 0 runs, 0 hits, 0 errors, 0 left on base; Fort Wayne 0 - Hartford 0 |
| TOP OF THE 2ND |
|
Fort Wayne TinCaps batting - Pitching for Hartford Yard Goats : LHP Ryouhei Hosaka
|
|
Batting: LHB Angel Mejia
|
0-0: Called Strike 0-1: Foul Ball, location: 2F 0-2: Ball 1-2: Ground out 4-3 (Groundball, 4D, EV 86.2 MPH)
|
|
Batting: RHB Nelson Trujillo
|
0-0: Ball 1-0: Ground out 5-3 (Groundball, 5S, EV 90.6 MPH)
|
|
Batting: LHB Mike Schermerhorn
|
0-0: Called Strike 0-1: Swinging Strike 0-2: Ball 1-2: Ball 2-2: Ball 3-2: Strikes out swinging
|
| Top of the 2nd over - 0 runs, 0 hits, 0 errors, 0 left on base; Fort Wayne 0 - Hartford 0 |
| BOTTOM OF THE 2ND |
|
Hartford Yard Goats batting - Pitching for Fort Wayne TinCaps : LHP Luis Sanchez
|
|
Batting: RHB Justin Williams
|
0-0: Foul Ball, location: 2F 0-1: Ball 1-1: Foul Ball, location: 2F 1-2: Ball 2-2: Foul Ball, location: 2F 2-2: Ground out 5-3 (Groundball, 56S, EV 63.1 MPH)
|
|
Batting: LHB Jeremy Brammer
|
0-0: Called Strike 0-1: Fly out, F8 (Flyball, 8RD, EV 95.0 MPH)
|
|
Batting: SHB Chris Besselman
|
0-0: Ball 1-0: Called Strike 1-1: Foul Ball, location: 2F 1-2: Fly out, F8 (Flyball, 8RD, EV 83.8 MPH)
|
| Bottom of the 2nd over - 0 runs, 0 hits, 0 errors, 0 left on base; Fort Wayne 0 - Hartford 0 |
| TOP OF THE 3RD |
|
Fort Wayne TinCaps batting - Pitching for Hartford Yard Goats : LHP Ryouhei Hosaka
|
|
Batting: RHB Brian Burd
|
0-0: Ball 1-0: Swinging Strike 1-1: Foul Ball, location: 2F 1-2: Ball 2-2: Foul Ball, location: 2F 2-2: Strikes out swinging
|
|
Batting: SHB Adam Martin
|
0-0: Swinging Strike 0-1: Ball 1-1: Ball 2-1: Called Strike 2-2: Ball 3-2: Strikes out swinging, 2-3 out at first.
|
|
Batting: RHB Juan Martinez
|
0-0: Ground out 2-3 (Groundball, 2L, EV 64.4 MPH)
|
| Top of the 3rd over - 0 runs, 0 hits, 0 errors, 0 left on base; Fort Wayne 0 - Hartford 0 |
| BOTTOM OF THE 3RD |
|
Hartford Yard Goats batting - Pitching for Fort Wayne TinCaps : LHP Luis Sanchez
|
|
Batting: RHB Steve Waltenbery
|
0-0: Called Strike 0-1: Ball 1-1: Foul Ball, location: 2F 1-2: Ball 2-2: Ball 3-2: Foul Ball, location: 2F 3-2: Foul Ball, location: 2F 3-2: SINGLE (Line Drive, 34D, EV 101.2 MPH)
|
|
Batting: SHB Pete Perla
|
0-0: Called Strike 0-1: Ball 1-1: Ball 2-1: Fielders Choice at 2nd, 6-4 (Groundball, 6M, EV 98.1 MPH)
|
|
Batting: LHB Brian Levensailor
|
0-0: Ball 1-0: SINGLE (Groundball, 5D, EV 100.6 MPH) Pete Perla to second
|
|
Batting: SHB Eddie Quinones
|
0-0: Fly out, F2 (Popup, 15S, EV 81.9 MPH)
|
|
Batting: RHB Kian-tat Chen
|
0-0: Foul Ball, location: 2F 0-1: Fly out, F8 (Flyball, 8LM, EV 91.2 MPH)
|
| Bottom of the 3rd over - 0 runs, 2 hits, 0 errors, 2 left on base; Fort Wayne 0 - Hartford 0 |
| TOP OF THE 4TH |
|
Fort Wayne TinCaps batting - Pitching for Hartford Yard Goats : LHP Ryouhei Hosaka
|
|
Now at SS: Jon Munoz
|
|
|
Now in RF: Eddie Gonzalez
|
|
|
Batting: RHB Rodolfo Rivera
|
0-0: Called Strike 0-1: Ball 1-1: Swinging Strike 1-2: Ball 2-2: Ball 3-2: Foul Ball, location: 2F 3-2: Fly out, F9 (Flyball, 9, EV 81.2 MPH)
|
|
Batting: RHB Mike Maserang
|
0-0: Ball 1-0: Ball 2-0: Ball 3-0: Base on Balls
|
|
Batting: RHB Rich Justice
|
0-0: Fielders Choice at 2nd, 4-6 (Groundball, 4M, EV 82.5 MPH)
|
|
Batting: LHB Angel Mejia
|
0-0: Ball 1-0: Called Strike 1-1: Called Strike 1-2: Ball 2-2: Fly out, F6 (Popup, 56, EV 51.2 MPH)
|
| Top of the 4th over - 0 runs, 0 hits, 0 errors, 1 left on base; Fort Wayne 0 - Hartford 0 |
| BOTTOM OF THE 4TH |
|
Hartford Yard Goats batting - Pitching for Fort Wayne TinCaps : LHP Luis Sanchez
|
|
Batting: SHB Jon Munoz
|
0-0: Ball 1-0: Fly out, F8 (Line Drive, 8RM, EV 96.2 MPH)
|
|
Batting: RHB Justin Williams
|
0-0: Ball 1-0: Called Strike 1-1: Swinging Strike 1-2: Ball 2-2: Ball 3-2: Strikes out swinging
|
|
Batting: LHB Jeremy Brammer
|
0-0: Called Strike 0-1: Foul Ball, location: 2F 0-2: Foul Ball, location: 2F 0-2: Strikes out swinging
|
| Bottom of the 4th over - 0 runs, 0 hits, 0 errors, 0 left on base; Fort Wayne 0 - Hartford 0 |
| TOP OF THE 5TH |
|
Fort Wayne TinCaps batting - Pitching for Hartford Yard Goats : LHP Ryouhei Hosaka
|
|
Batting: RHB Nelson Trujillo
|
0-0: Foul Ball, location: 2F 0-1: Ball 1-1: Foul Ball, location: 2F 1-2: Foul Ball, location: 2F 1-2: Ground out U3 (Groundball, 34, EV 89.4 MPH)
|
|
Batting: LHB Mike Schermerhorn
|
0-0: Ball 1-0: Ball 2-0: Ball 3-0: Called Strike 3-1: Foul Ball, location: 2F 3-2: Foul Ball, location: 2F 3-2: Base on Balls
|
|
Batting: RHB Brian Burd
|
0-0: Swinging Strike 0-1: Foul Ball, location: 2F 0-2: Strikes out swinging
|
|
Batting: SHB Adam Martin
|
0-0: Foul Ball, location: 2F 0-1: Foul Ball, location: 2F 0-2: Ball 1-2: Ball 2-2: Ball 3-2: Base on Balls Mike Schermerhorn to second
|
|
Batting: RHB Juan Martinez
|
0-0: SINGLE (Line Drive, 89S, EV 102.5 MPH) Mike Schermerhorn to third Adam Martin to second
|
|
Batting: RHB Rodolfo Rivera
|
0-0: Called Strike 0-1: Ground out U3 (Groundball, 23, EV 92.5 MPH)
|
| Top of the 5th over - 0 runs, 1 hit, 0 errors, 3 left on base; Fort Wayne 0 - Hartford 0 |
| BOTTOM OF THE 5TH |
|
Hartford Yard Goats batting - Pitching for Fort Wayne TinCaps : LHP Luis Sanchez
|
|
Batting: SHB Chris Besselman
|
0-0: Ball 1-0: Ball 2-0: Swinging Strike 2-1: SINGLE (Groundball, 56D, EV 108.1 MPH)
|
|
Batting: LHB Eddie Gonzalez
|
0-0: Swinging Strike 0-1: Ball 1-1: TRIPLE (Line Drive, 89XD, EV 108.1 MPH) Chris Besselman scores
|
|
Batting: SHB Pete Perla
|
0-0: Ball 1-0: Ball 2-0: Swinging Strike 2-1: Ball 3-1: Ground out U3 (Groundball, 34, EV 83.8 MPH)
|
|
Batting: LHB Brian Levensailor
|
0-0: Called Strike 0-1: Ball 1-1: Foul Ball, location: 2F 1-2: Ball 2-2: Foul Ball, location: 2F 2-2: Strikes out looking
|
|
Batting: SHB Eddie Quinones
|
0-0: Called Strike 0-1: Ball 1-1: SINGLE (Groundball, 56D, EV 109.4 MPH) Eddie Gonzalez scores
|
|
Batting: RHB Kian-tat Chen
|
0-0: Called Strike 0-1: Called Strike 0-2: Ball Eddie Quinones is caught stealing 2nd base 2-4
|
| Bottom of the 5th over - 2 runs, 3 hits, 0 errors, 0 left on base; Fort Wayne 0 - Hartford 2 |
| TOP OF THE 6TH |
|
Fort Wayne TinCaps batting - Pitching for Hartford Yard Goats : LHP Ryouhei Hosaka
|
|
Pitching: RHP Travis Porter
|
|
|
Batting: RHB Mike Maserang
|
0-0: Foul Ball, location: 2F 0-1: Ball 1-1: Ball 2-1: Swinging Strike 2-2: Ground out 6-3 (Groundball, 6, EV 103.1 MPH)
|
|
Batting: RHB Rich Justice
|
0-0: Called Strike 0-1: Ball 1-1: SINGLE (Groundball, 4M, EV 105.6 MPH) (infield hit)
|
|
Batting: LHB Angel Mejia
|
0-0: Ball 1-0: Called Strike 1-1: Ball 2-1: Ball Rich Justice steals 2nd base 3-1: Swinging Strike 3-2: Foul Ball, location: 2F 3-2: Strikes out swinging
|
|
Batting: RHB Nelson Trujillo
|
0-0: Foul Ball, location: 2F 0-1: Ball 1-1: Called Strike 1-2: Strikes out swinging
|
| Top of the 6th over - 0 runs, 1 hit, 0 errors, 1 left on base; Fort Wayne 0 - Hartford 2 |
| BOTTOM OF THE 6TH |
|
Hartford Yard Goats batting - Pitching for Fort Wayne TinCaps : LHP Luis Sanchez
|
|
Batting: RHB Kian-tat Chen
|
0-0: Ball 1-0: Swinging Strike 1-1: Foul Ball, location: 2F 1-2: Ball 2-2: Foul Ball, location: 2F 2-2: Ball 3-2: SINGLE (Groundball, 13S, EV 70.6 MPH) (infield hit)
|
|
Pitching: RHP Andre Wiltz
|
|
|
Batting: SHB Jon Munoz
|
0-0: Fielders Choice at 2nd, 1-4 (Groundball, 15S, EV 68.8 MPH)
|
|
Batting: RHB Justin Williams
|
0-0: Ball 1-0: Called Strike 1-1: Foul Ball, location: 2F 1-2: Foul Ball, location: 2F 1-2: Foul Ball, location: 2F 1-2: Ball 2-2: Ball 3-2: Base on Balls Jon Munoz to second
|
|
Batting: LHB Jeremy Brammer
|
0-0: Swinging Strike 0-1: Called Strike 0-2: Strikes out swinging
|
|
Batting: SHB Chris Besselman
|
0-0: Called Strike 0-1: Foul Ball, location: 2F 0-2: Ball 1-2: Ball 2-2: Ball 3-2: Base on Balls Jon Munoz to third Justin Williams to second
|
|
Batting: LHB Eddie Gonzalez
|
0-0: SINGLE (Groundball, 25, EV 67.5 MPH) (infield hit) Jon Munoz scores Justin Williams to third Chris Besselman to second
|
|
Batting: SHB Pete Perla
|
0-0: Ball 1-0: Swinging Strike 1-1: Ground out 4-3 (Groundball, 4, EV 99.4 MPH)
|
| Bottom of the 6th over - 1 run, 2 hits, 0 errors, 3 left on base; Fort Wayne 0 - Hartford 3 |
| TOP OF THE 7TH |
|
Fort Wayne TinCaps batting - Pitching for Hartford Yard Goats : RHP Travis Porter
|
|
Pitching: LHP Ryan Morlan
|
|
|
Batting: LHB Mike Schermerhorn
|
0-0: Ball 1-0: Ball 2-0: Fly out, F7 (Flyball, 78M, EV 84.4 MPH)
|
|
Batting: RHB Brian Burd
|
0-0: Ball 1-0: Foul Ball, location: 2F 1-1: Single, Error in OF, E7, batter to second base (Groundball, 5L, EV 94.4 MPH)
|
|
Batting: SHB Adam Martin
|
0-0: Called Strike 0-1: Called Strike 0-2: Ball 1-2: Foul Ball, location: 2F 1-2: Ball 2-2: Ball 3-2: DOUBLE (Groundball, 5L, EV 97.5 MPH) Brian Burd scores
|
|
Batting: RHB Juan Martinez
|
0-0: Ball 1-0: Fly out, F9 (Flyball, 89D, EV 88.8 MPH) Runner from 2nd tags up, SAFE at 3rd, no throw by RF
|
|
Batting: RHB Rodolfo Rivera
|
0-0: Swinging Strike 0-1: Called Strike 0-2: Ball Wild Pitch! Adam Martin scores 1-2: Strikes out looking
|
| Top of the 7th over - 2 runs, 2 hits, 1 error, 0 left on base; Fort Wayne 2 - Hartford 3 |
| BOTTOM OF THE 7TH |
|
Hartford Yard Goats batting - Pitching for Fort Wayne TinCaps : RHP Andre Wiltz
|
|
Pitching: RHP Roger Brennan
|
|
|
Batting: LHB Brian Levensailor
|
0-0: Called Strike 0-1: Ball 1-1: Ball 2-1: Foul Ball, location: 2F 2-2: SINGLE (Groundball, 4MD, EV 105.0 MPH)
|
|
Batting: SHB Eddie Quinones
|
0-0: Ball Brian Levensailor steals 2nd, throwing error, E2 Brian Levensailor to third 1-0: Intentional Walk
|
|
Batting: RHB Kian-tat Chen
|
0-0: Ball 1-0: Foul Ball, location: 2F 1-1: Swinging Strike 1-2: Strikes out swinging
|
|
Batting: SHB Jon Munoz
|
0-0: Called Strike Eddie Quinones steals 2nd base 0-1: Ball 1-1: Intentional Walk
|
|
Batting: RHB Justin Williams
|
0-0: Foul Ball, location: 2F 0-1: Ball 1-1: Fly out, F7 (Flyball, 7D, EV 107.5 MPH) Runner from 3rd tags up, SCORES, throw by LF
|
|
Batting: LHB Jeremy Brammer
|
0-0: Called Strike 0-1: Foul Ball, location: 2F 0-2: Ball 1-2: Ball 2-2: SINGLE (Line Drive, 8LS, EV 91.9 MPH) Eddie Quinones to third Jon Munoz to second Runner from 3rd tries for Home, SAFE, throw by CF to home
|
|
Pitching: RHP Roman Baines
|
|
|
Batting: SHB Chris Besselman
|
0-0: Ball 1-0: Ball 2-0: Swinging Strike 2-1: Called Strike 2-2: Ball 3-2: Base on Balls Jon Munoz to third Jeremy Brammer to second
|
|
Batting: LHB Eddie Gonzalez
|
0-0: Foul Ball, location: 2F 0-1: Ground out 4-3 (Groundball, 4, EV 85.6 MPH)
|
| Bottom of the 7th over - 2 runs, 2 hits, 1 error, 3 left on base; Fort Wayne 2 - Hartford 5 |
| TOP OF THE 8TH |
|
Fort Wayne TinCaps batting - Pitching for Hartford Yard Goats : LHP Ryan Morlan
|
|
Pitching: LHP Greg Burngooch
|
|
|
Now in LF: Kian-tat Chen
|
|
|
Now in CF: Mick Knopp
|
|
|
Batting: RHB Mike Maserang
|
0-0: Ball 1-0: Foul Ball, location: 2F 1-1: Swinging Strike 1-2: Ball 2-2: Ball 3-2: SINGLE (Line Drive, 89S, EV 93.8 MPH)
|
|
Batting: RHB Rich Justice
|
0-0: Called Strike 0-1: Swinging Strike 0-2: Foul Ball, location: 2F 0-2: Ball 1-2: Foul Ball, location: 2F 1-2: Strikes out swinging
|
|
Batting: LHB Angel Mejia
|
0-0: Ball 1-0: Ball 2-0: DOUBLE (Line Drive, 7LM, EV 88.8 MPH) Mike Maserang to third
|
|
Batting: RHB Nelson Trujillo
|
0-0: Ball 1-0: Ball 2-0: Ball 3-0: Called Strike 3-1: Ground out U3 (Groundball, 34, EV 82.5 MPH) Mike Maserang scores Angel Mejia to third
|
|
Batting: LHB Mike Schermerhorn
|
0-0: Called Strike 0-1: Ball 1-1: Ball Wild Pitch! Angel Mejia scores 2-1: Ball 3-1: Ground out 4-3 (Groundball, 4, EV 80.0 MPH)
|
| Top of the 8th over - 2 runs, 2 hits, 0 errors, 0 left on base; Fort Wayne 4 - Hartford 5 |
| BOTTOM OF THE 8TH |
|
Hartford Yard Goats batting - Pitching for Fort Wayne TinCaps : RHP Roman Baines
|
|
Batting: SHB Pete Perla
|
0-0: Called Strike 0-1: Ball 1-1: Ball 2-1: Ground out U3 (Groundball, 34, EV 98.1 MPH)
|
|
Batting: LHB Brian Levensailor
|
0-0: Swinging Strike 0-1: Ball 1-1: Called Strike 1-2: Foul Ball, location: 2F 1-2: Ball 2-2: Ball 3-2: Fly out, F6 (Popup, P, EV 87.5 MPH)
|
|
Batting: SHB Eddie Quinones
|
0-0: Ball 1-0: SINGLE (Line Drive, 78M, EV 91.9 MPH)
|
|
Batting: RHB Kian-tat Chen
|
0-0: Foul Ball, location: 2F 0-1: Ball Eddie Quinones is caught stealing 2nd base 2-4
|
| Bottom of the 8th over - 0 runs, 1 hit, 0 errors, 0 left on base; Fort Wayne 4 - Hartford 5 |
| TOP OF THE 9TH |
|
Fort Wayne TinCaps batting - Pitching for Hartford Yard Goats : LHP Greg Burngooch
|
|
Batting: RHB Brian Burd
|
0-0: Called Strike 0-1: Ground out 5-3 (Groundball, 56S, EV 63.8 MPH)
|
|
Batting: SHB Adam Martin
|
0-0: Called Strike 0-1: Called Strike 0-2: Strikes out swinging
|
|
Batting: RHB Juan Martinez
|
0-0: Foul Ball, location: 2F 0-1: Hit by Pitch
|
|
Batting: RHB Rodolfo Rivera
|
0-0: Ball 1-0: Foul Ball, location: 2F 1-1: Foul Ball, location: 2F 1-2: Foul Ball, location: 2F 1-2: Ball 2-2: Strikes out swinging
|
| Top of the 9th over - 0 runs, 0 hits, 0 errors, 1 left on base; Fort Wayne 4 - Hartford 5 |
|